 Dungeon Crawl Stone Soup version 0.30-b1-2-g02819fbbbe (webtiles) character file.

Game seed: 4498928911728946780

17204 Alarkh the Fighter (level 12, -14/100 HPs)
             Began as a Demonspawn Artificer on Nov 22, 2023.
             Was a Follower of Uskayaw.
             Demolished by a skyshark (22 damage)
             ... on level 2 of the Lair of Beasts.
             The game lasted 00:24:46 (11716 turns).

Alarkh the Fighter (Demonspawn Artificer)          Turns: 11716, Time: 00:24:47

Health: -14/100    AC: 11    Str: 19    XL:     12   Next: 16%
Magic:  16/20      EV: 10    Int: 17    God:    Uskayaw [*.....]
Gold:   1214       SH:  5    Dex: 14    Spells: 10/11 levels left

rFire   . . .        a - +4 short sword (drain)
rCold   . . .        (no shield)
rNeg    + . .        T - +2 scale mail {rN+}
rPois   .            t - +0 helmet
rElec   .            (no cloak)
rCorr   .            (no gloves)
SInv    +            J - +0 pair of boots
Will    .....        M - amulet of reflection
Stlth   ++           H - +6 ring of strength
HPRegen 0.36/turn    N - ring of see invisible
MPRegen 0.17/turn

%: reflection
@: lethally poisoned (-14 -> -16), about to teleport
A: hooves 2, demonic guardian 1, powered by death 3, sharp scales 1
a: Renounce Religion, Stomp


You were on level 2 of the Lair of Beasts.
You worshipped Uskayaw.
Uskayaw was aware of your devotion.
You visited 3 branches of the dungeon, and saw 14 of its levels.

You collected 1364 gold pieces.
You spent 150 gold pieces at shops.

Inventory:

Hand Weapons
 a - a +4 short sword of draining (weapon)
 b - a +2 hand axe of electrocution
Missiles
 u - 2 throwing nets
Armour
 h - a +0 ring mail of fire resistance
 t - a +0 helmet (worn)
 J - a +0 pair of boots (worn)
 T - a +2 scale mail of positive energy (worn)
Jewellery
 p - a ring of ice
 s - a ring of protection from fire
 H - a +6 ring of strength (left hand)
 M - an amulet of reflection (around neck)
 N - a ring of see invisible (right hand)
 P - a ring of resist corrosion
Wands
 d - a wand of charming (14)
 e - a wand of iceblast (39)
 v - a wand of flame (16)
 D - a wand of mindburst (4)
 G - a wand of polymorph (17)
 O - a wand of paralysis (8)
 U - a wand of acid (6)
Scrolls
 f - a scroll of enchant armour
 g - a scroll of magic mapping
 j - 3 scrolls of teleportation
 l - 4 scrolls of blinking
 r - a scroll of identify
 B - 2 scrolls of fog
 E - a scroll of butterflies
 Q - a scroll of noise {unknown}
Potions
 c - 4 potions of brilliance
 i - a potion of resistance
 k - a potion of invisibility
 m - 3 potions of might
 n - 3 potions of berserk rage
 o - 2 potions of ambrosia
 q - 2 potions of heal wounds
 C - 2 potions of curing
 I - 2 potions of cancellation
 K - 2 potions of flight


   Skills:
 + Level 11.6 Fighting
 * Level 10.3 Short Blades
 + Level 2.5 Armour
 + Level 2.0 Dodging
 + Level 8.2 Stealth
 + Level 11.1 Invocations
 - Level 3.0 Evocations


You had 10 spell levels left.
You knew the following spells:

 Your Spells              Type           Power      Damage    Failure   Level
a - Summon Small Mammal   Summ           0%         N/A       56%         1

Your spell library contained the following spells:

 Spells                   Type           Power      Damage    Failure   Level
 Apportation              Tloc           0%         N/A       56%         1
 Kiss of Death            Conj/Necr      0%         2d5       56%         1
 Necrotise                Necr           0%         1d4       56%         1
 Cigotuvi's Dreadful Rot  Necr/Pois/Air  0%         N/A       71%         2
 Sublimation of Blood     Necr           0%         N/A       71%         2
 Confusing Touch          Hex            0%         N/A       91%         3
 Cause Fear               Hex            0%         N/A       100%        4
 Dispel Undead            Necr           0%         3d6       100%        4
 Petrify                  Tmut/Erth      0%         N/A       100%        4
 Irradiate                Conj/Tmut      0%         3d11      100%        5
 Silence                  Hex/Air        0%         N/A       100%        5
 Yara's Violent Unravell  Hex/Tmut       0%         3d3       100%        5


Dungeon Overview and Level Annotations

Branches:
Dungeon (11/15)            Temple (1/1) D:4            Lair (2/5) D:9
    Orc (0/2) D:11
  Swamp: Lair:2-3    Shoals: Lair:2-3     Snake: Lair:2-3    Spider: Lair:2-3

Altars:
Ashenzari
Cheibriados
Dithmenos
Fedhas
Gozag
Hepliaklqana
Kikubaaqudgha
Makhleb
Nemelex Xobeh
Okawaru
Qazlal
Ru
Sif Muna
Trog
Uskayaw
Vehumet
Wu Jian
Xom
Yredelemnul

Shops:
D:1 ?:((   D:10 (


Innate Abilities, Weirdness & Mutations

You have hoof-like feet.
A weak demonic guardian rushes to your aid.
You regenerate a lot of health from kills.
You are partially covered in razor-sharp scales. (AC +1, Slay +1)


Message History

You feel sick.
You hit the cane toad.
The cane toad is severely wounded.
You feel sick. The cane toad stings you! The skyshark barely misses you.
The skyshark tail-slaps you! You block the skyshark's attack.
Unknown command.
You hit the cane toad.
The cane toad is almost dead.
You feel sick. You block the cane toad's attack.
Aiming: Line Pass
Press: ? - help, Dir - move target The cane toad appears confused.
You can no longer pass through a line of other dancers.
You feel sick. You block the cane toad's attack.
You hit the cane toad but do no damage. You drain the cane toad.
The cane toad is almost dead.
You feel sick.
You puncture the cane toad!
You kill the cane toad!
You feel sick. You block the skyshark's attack. The skyshark tail-slaps you!
* * * LOW HITPOINT WARNING * * *
The skyshark tail-slaps you!
* * * LOW HITPOINT WARNING * * *
A demonic guardian appears!
Your Dodging skill increases to level 2!
You feel much better.
You feel sick. The skyshark bites you!!
* * * LOW HITPOINT WARNING * * *
The skyshark enters a blood-rage!
The skyshark tail-slaps you but does no damage. x2
Your white imp gestures at the skyshark.
The puff of frost hits the skyshark.
You hit the skyshark. You drain the skyshark.
The skyshark is lightly wounded.
The skyshark bites you.
* * * LOW HITPOINT WARNING * * *
The skyshark tail-slaps you but does no damage.
You block the skyshark's attack.
As you read the scroll of teleportation, it crumbles to dust.
You feel strangely unstable.
You feel sick. The skyshark bites you!!
You die...

..#. ..... ######
.....## #.P#.#
##.....P.##.....
....P.......>...
...##P.......###
###..# ###...##.# #
##...# #..#.### #
#..@## ###..######
#..†l####.#.....##P.
...5.#.....###..###
#.
......#........#..P#
##
.....####.......#.##
# .....
#....###.....# ....
###### ###...# ....
P..#... #......


You could see a skyshark (berserk, drained, ally target) and a friendly white
imp (summoned).

Vanquished Creatures
  Erolcha (D:9)
  A boulder beetle (D:11)
  A manticore (D:11)
  A cyclops (D:11)
  A gargoyle (D:11)
  3 cane toads
  3 kobold demonologists
  2 rime drakes (Lair:1)
  A komodo dragon (Lair:1)
  A freezing wraith (Lair:1)
  Prince Ribbit (D:9)
  Sigmund (D:6)
  2 wyverns
  A shadow (D:10)
  26 yaks
  2 steam dragons
  A human (D:11)
  A vampire mosquito (D:6)
  Edmund (D:6)
  10 water moccasins
  3 acid dragons
  3 orc warriors
  3 black bears
  9 wolves
  4 centaurs
  An ogre (D:4)
  3 phantoms
  A kobold brigand (D:7)
  2 gnoll sergeants
  2 bullfrogs
  8 scorpions
  2 wights (D:9)
  11 killer bees
  2 electric eels (Lair:1)
  9 howler monkeys
  3 jellies
  10 hounds
  6 orc priests
  A gnoll bouda (D:10)
  Ijyb (D:3)
  3 iguanas
  10 orc wizards
  A spriggan simulacrum (Lair:1)
  A polar bear simulacrum (Lair:1)
  14 gnolls
  15 adders
  A naga simulacrum (Lair:1)
  A shadow imp (D:6)
  4 white imps
  2 worms
  36 orcs
  6 ball pythons
  5 endoplasms
  2 giant cockroaches
  2 goblins
  9 hobgoblins
  4 quokkas
  11 bats
  3 frilled lizards
  10 kobolds
  6 rats
291 creatures vanquished.

Vanquished Creatures (collateral kills)
  A troll (D:10)
  A wyvern (D:8)
  A yak (D:10)
  An ogre (D:3)
  A wight (D:9)
  A howler monkey (D:9)
  A hound (D:5)
  A gnoll (D:10)
  An adder (D:2)
  A white imp (D:5)
  A worm (D:2)
  2 orcs (D:3)
  An endoplasm (D:3)
  A frilled lizard (D:2)
15 creatures vanquished.

Vanquished Creatures (others)
  An orc (D:3)
  A ball python (D:3)
  10 fungi
  28 plants
40 creatures vanquished.

Grand Total: 346 creatures vanquished

Notes
Turn   | Place    | Note
-------+----------+-------------------------------------------
     0 | D:1      | Alarkh the Demonspawn Artificer began the quest for the
                  | Orb.
     0 | D:1      | Reached XP level 1. HP: 15/15 MP: 1/1
   176 | D:1      | Found Kearigy's Book Emporium.
   180 | D:1      | Found Jyomily's Magic Scroll Shop.
   232 | D:1      | Gained mutation: You regenerate a little health from kills.
                  | [demonic ancestry]
   232 | D:1      | Reached XP level 2. HP: 17/22 MP: 2/2
   434 | D:1      | You fall into a shaft and drop 1 floor!
   513 | D:2      | Gained mutation: A weak demonic guardian rushes to your
                  | aid. [demonic ancestry]
   513 | D:2      | Reached XP level 3. HP: 14/29 MP: 3/3
   705 | D:2      | Gained mutation: You regenerate health from kills. [demonic
                  | ancestry]
   705 | D:2      | Reached XP level 4. HP: 36/37 MP: 4/4
   950 | D:2      | Found a faded altar of an unknown god.
  1283 | D:1      | Found Noar's Weapon Boutique.
  1323 | D:1      | Found Heigaz's Antique Weapon Boutique.
  1715 | D:3      | Noticed Ijyb
  1995 | D:3      | Noticed an ogre
  2005 | D:3      | HP: 1/38 [ogre/+0 giant spiked club (11)]
  2007 | D:3      | Killed an ogre
  2008 | D:3      | Reached skill level 5 in Fighting
  2008 | D:3      | Reached XP level 5. HP: 2/44 MP: 5/5
  2268 | D:3      | Killed Ijyb
  2314 | D:3      | Gained mutation: You are partially covered in razor-sharp
                  | scales. (AC +1, Slay +1) [demonic ancestry]
  2314 | D:3      | Reached XP level 6. HP: 45/52 MP: 6/6
  2449 | D:3      | Noticed a water moccasin
  2481 | D:3      | Killed a water moccasin
  2820 | D:4      | Reached XP level 7. HP: 60/60 MP: 7/7
  2934 | D:4      | Found a staircase to the Ecumenical Temple.
  2948 | Temple   | Entered the Ecumenical Temple
  3267 | Temple   | Became a worshipper of Uskayaw the Reveller
  3321 | D:4      | Reached * piety under Uskayaw
  3325 | D:4      | Reached ** piety under Uskayaw
  3575 | D:4      | Reached skill level 1 in Invocations
  3579 | D:4      | Reached *** piety under Uskayaw
  3582 | D:4      | Reached **** piety under Uskayaw
  3699 | D:4      | Got the Excursus on Intoxication and Glamour
  3717 | D:5      | Entered Level 5 of the Dungeon
  3923 | D:5      | Reached skill level 1 in Stealth
  4380 | D:5      | Reached XP level 8. HP: 57/69 MP: 9/11
  4869 | D:6      | Reached skill level 1 in Short Blades
  5231 | D:6      | Reached skill level 5 in Invocations
  5462 | D:6      | Gained mutation: You have large cloven feet. [demonic
                  | ancestry]
  5462 | D:6      | Reached XP level 9. HP: 27/76 MP: 13/13
  5501 | D:6      | Reached ***** piety under Uskayaw
  5774 | D:6      | Noticed Edmund
  5803 | D:6      | Killed Edmund
  5850 | D:6      | Noticed Sigmund
  5859 | D:6      | Killed Sigmund
  5947 | D:6      | Learned a level 1 spell: Summon Small Mammal
  6020 | D:7      | Reached skill level 5 in Short Blades
  6142 | D:7      | Reached ****** piety under Uskayaw
  6818 | D:8      | Reached skill level 5 in Stealth
  6956 | D:8      | Found a shimmering altar of Xom.
  7493 | D:9      | Noticed Prince Ribbit
  7510 | D:9      | Killed Prince Ribbit
  7629 | D:8      | Gained mutation: You have hoof-like feet. [demonic
                  | ancestry]
  7629 | D:8      | Reached XP level 10. HP: 44/85 MP: 15/15
  7671 | D:8      | Reached skill level 10 in Fighting
  7901 | D:9      | Noticed Erolcha
  7912 | D:9      | Found a staircase to the Lair.
  7922 | D:9      | Killed Erolcha
  8189 | D:10     | Entered Level 10 of the Dungeon
  8464 | D:10     | Found Axtutom's Antique Weapon Boutique.
  8472 | D:10     | Bought a runed short sword for 150 gold pieces
  8499 | D:10     | Reached XP level 11. HP: 43/92 MP: 16/18
  9204 | D:11     | Found a stormy altar of Qazlal.
  9254 | D:11     | Found a staircase to the Orcish Mines.
  9281 | D:11     | Noticed a boulder beetle
  9315 | D:11     | Reached skill level 10 in Invocations
  9315 | D:11     | Killed a boulder beetle
  9572 | D:11     | Identified the +3 ring mail "Ongupn" {rElec rN++}
 10020 | Lair:1   | Entered Level 1 of the Lair of Beasts
 10546 | Lair:1   | Reached skill level 1 in Dodging
 10781 | Lair:1   | Noticed a bog body
 10784 | Lair:1   | Reached skill level 10 in Short Blades
 10998 | Lair:1   | Gained mutation: You regenerate a lot of health from kills.
                  | [demonic ancestry]
 10998 | Lair:1   | Reached XP level 12. HP: 83/100 MP: 20/20
 11716 | Lair:2   | Demolished by a skyshark

Illustrated notes

Levels and vault maps discovered:
D:1:      lemuel_arrival_hallway, layout_rooms, serial_curves, eino_curves_03,
          eino_curves_04, serial_shops, nicolae_shop_just_a_little_nook, shop,
          shop, nicolae_shop_overgrown_old_shop, serial_bayou_pond_a
D:2:      layout_basic, shapermc_ecumenical_altar_pompeii
D:3:      layout_basic, minmay_vboxes, uniq_ijyb
D:4:      layout_rooms, minmay_temple_entry_poolview
D:5:      layout_loops_corners
D:6:      minmay_polygon_palace, layout_loops_cross, sigmund_edmund_badplayer
D:7:      layout_rooms, hangedman_decor_growths
D:8:      layout_gridville, mainiacjoe_overflow_surrounded_room
D:9:      layout_cross, minmay_lair_entry_grove, serial_park_tiny_2,
          uniq_prince_ribbit1, uniq_erolcha
D:10:     layout_long_grid, serial_shops, shop, minmay_misc_feat_tiny
D:11:     layout_gridville, erik_orc_4, columned_hall_lemuel,
          grunt_qazlal_clouds
Temple:   roderic_octagonal_lattice_temple
Lair:1:   dreamdust_isle_of_ice, layout_long_grid, serial_bayou_shore_a,
          infiniplex_staircase_pool_2
Lair:2:   layout_cave_pods, palyth_hydra_swamp_entry, lemuel_fruit_tree

Skill      XL: |  1  2  3  4  5  6  7  8  9 10 11 12 |
---------------+-------------------------------------+-----
Fighting       | 2 3 4 5 6 7 8 9 10 11 | 11.6
Invocations    | 4 5 7 9 11 | 11.1
Stealth        | 2 3 5 6 8 |  8.2
Short Blades   | 3 6 8 10 | 10.3
Dodging        | 1 2 |  2.0
Armour         | 2 |  2.5
Evocations     | |  3.0

Action                     |  1- 3 |  4- 6 |  7- 9 | 10-12 || total
---------------------------+-------+-------+-------+-------++-------
  Melee: Dagger            |    98 |   187 |       |       ||   285
         Club              |     7 |       |       |       ||     7
         Punch             |     2 |     2 |     5 |     5 ||    14
         Hand axe          |       |    14 |    60 |       ||    74
         Short sword       |       |       |   449 |   545 ||   994
         Unarmed           |       |       |    14 |       ||    14
         Kick              |       |       |    50 |       ||    50
 Invoke: Line Pass         |       |       |     4 |     2 ||     6
         Grand Finale      |       |       |       |     1 ||     1
  Evoke: Wand              |    14 |     6 |     3 |    14 ||    37
    Use: Scroll            |     1 |     1 |    10 |    10 ||    22
         Potion            |       |     1 |     4 |     3 ||     8
   Stab: Sleeping          |     1 |       |     4 |     5 ||    10
         Paralysed         |       |       |    18 |    43 ||    61
         Confused          |       |       |     2 |       ||     2
         Distracted        |       |       |       |     1 ||     1
 Armour: Leather armour    |    36 |    70 |    81 |       ||   187
         Skin              |       |       |     9 |       ||     9
         Ring mail         |       |       |    30 |       ||    30
         Steam dragon scal |       |       |    29 |    94 ||   123
         Scale mail        |       |       |       |    33 ||    33
  Dodge: Dodged            |    65 |   160 |   251 |   214 ||   690
  Block: Other             |       |       |    22 |   100 ||   122
         Reflection        |       |       |       |     4 ||     4
